AoeStats
← JuanMa

Arabia

510012731Analyzed
1v1 RM · 5d ago on Sep 29, 2026· 21m 58s· 2 players
Game mode
Random Map
Map size
Tiny (2 player)
Population
200
Speed
Normal
Resources
Standard
Victory
Conquest
Starting age
Dark Age
Ending age
Imperial Age
RankedLock teamsTeams togetherTeam positionsShared explorationLock speedFull tech treeHidden civsTurbo modeCheats
Victory
Defeat
🇦🇷 Varangians · Argentina
1064
+14
🇨🇴 Celts · Colombia
1024
-14
LRNI_Thegar
7:57 Loom
10:19 Feudal Age
14:20 Castle Age
JuanMa
5:28 Loom
9:44 Feudal Age
13:01 Bloodlines
15:23 Horse Collar
17:34 Wheelbarrow
Connection lost

Rejoining the realm…

Still unreachable

The connection could not be restored.

Session expired

The server has moved on; the page needs a fresh start.